 Dungeon Crawl Stone Soup version 0.20-a0-1116-gaa52201 (webtiles) character file.

466 4thArraOfDagon the Bolt Thrower (level 6, -9/44 HPs)
             Began as a Mummy Hunter on May 7, 2017.
             Was a Follower of Okawaru.
             Shot with an arrow by a centaur (16 damage)
             ... on level 5 of the Dungeon.
             The game lasted 00:08:35 (2450 turns).

4thArraOfDagon the Bolt Thrower (Mummy Hunter)      Turns: 2450, Time: 00:08:36

Health: -9/44      AC:  9    Str: 16    XL:     6   Next: 81%
Magic:  7/7        EV: 11    Int: 12    God:    Okawaru [*.....]
Gold:   204        SH:  0    Dex: 12    Spells: 5/5 levels left

rFire    x . .     SeeInvis +   a - +1 hand crossbow
rCold    + + .     Gourm    .   (no shield)
rNeg     + + +     Faith    .   s - +3 leather armour "Juetyrr" {rC+}
rPois    ∞         Spirit   .   j - +1 helmet {SInv}
rElec    .         Reflect  .   (no cloak)
rCorr    .         Harm     .   (no gloves)
MR       .....     Rnd*Tele +   i - +0 pair of boots
Stlth    +.........             (no amulet)
Regen    0.2/turn               k - ring of teleportation
MPRegen  0.1/turn               u - ring of wizardry

@: no status effects
A: no food or potions, fire vulnerability, cold resistance 1, negative energy
resistance 3, torment resistance, unbreathing
a: Heroism, Renounce Religion


You were on level 5 of the Dungeon.
You worshipped Okawaru.
Okawaru was aware of your devotion.
You were not hungry.

You visited 2 branches of the dungeon, and saw 6 of its levels.

You collected 204 gold pieces.

Inventory:

Hand Weapons
 a - a +1 hand crossbow (weapon)
 b - a +0 short sword
 e - a +2 whip of electrocution
Missiles
 d - 31 bolts (quivered)
Armour
 c - a +0 leather armour
 g - a +0 pair of boots
 i - a +0 pair of boots (worn)
 j - a +1 helmet of see invisible (worn)
 s - the +3 leather armour "Juetyrr" (worn) {rC+}
   (You found it on level 4 of the Dungeon)

   It protects you from cold.
Jewellery
 k - a ring of teleportation (left hand)
 n - an uncursed ring of resist corrosion
 u - a ring of wizardry (right hand)
Wands
 h - a wand of flame (31/48)
Scrolls
 f - a scroll of enchant weapon
 m - 2 scrolls of remove curse
 o - a scroll of teleportation
 v - a scroll of immolation
 w - a scroll of recharging


   Skills:
 - Level 2.0 Fighting
 * Level 6.6 Crossbows
 - Level 1.5 Dodging
 - Level 0.7 Stealth
 + Level 1.6 Invocations


You had 5 spell levels left.
You didn't know any spells.

Dungeon Overview and Level Annotations

Branches:
Dungeon (5/15)             Temple (1/1) D:4

Altars:
Ashenzari
Dithmenos
Elyvilon
Fedhas
Hepliaklqana
Makhleb
Nemelex Xobeh
Okawaru
Ru
Trog
Uskayaw
Vehumet
Zin
The Shining One
Lugonu

Shops:
D:4 =


Innate Abilities, Weirdness & Mutations

You do not eat or drink.
Your flesh is vulnerable to fire.
You are immune to poison.
Your flesh is cold resistant. (rC+)
You are immune to negative energy. (rN+++)
You are immune to unholy pain and torment.
You can survive without breathing.


Message History

You shoot a bolt. The bolt barely misses the scorpion.
The scorpion stings you but does no damage.
Firing (i - inventory):
d - 30 bolts (quivered)
Press: ? - help, Shift-Dir - straight line, f/p - scorpion
Aim: a scorpion (moderately wounded)
You shoot a bolt. The bolt hits the scorpion!
You kill the scorpion!
Okawaru accepts your kill.
You can now gain great but temporary skills.
d - 31 bolts (gained 2);
h - a wand of flame (?/48)
The centaur appears out of thin air!
The centaur shoots an arrow.
The arrow barely misses you.
The centaur shoots an arrow.
The arrow closely misses you.
You see here a bolt.
Unknown command.
Okay, then.
As you read the scroll of fog, it crumbles to dust.
The scroll dissolves into smoke.
The centaur shoots an arrow.
The arrow hits you!
You die...

*,,,,,,,>*
**********,,*
*,,,,,,,,,,>*
*,***************
*,*,,,,,,,,,,,,,*
*,*,##########*,*
*,#,#.....§.§#*,*
*,#.#..c...§§#*,*
*,#........§@#*,*
*,###......§§#*,*
*,*<#.###.#..§..#
*,*,#.# #.#######
*,*,..# #.#
*,*####*#.# *,*
*,,,..# *****,*
*,**### ,,,,,,*
*,*


You could see a centaur.

Vanquished Creatures
  An ogre (D:4)
  A scorpion (D:5)
  A centaur zombie (D:5)
  An orc priest (D:4)
  A bullfrog skeleton (D:5)
  An orc wizard (D:4)
  A worker ant (D:5)
  6 gnolls
  6 adders
  An ooze (D:3)
  2 adder skeletons (D:4)
  3 dart slugs
  4 orcs
  2 giant cockroaches
  3 goblins
  8 hobgoblins
  6 jackals
  3 quokkas
  3 ball pythons
  5 bats
  5 frilled lizards
  11 kobolds
  7 rats
82 creatures vanquished.

Notes
Turn   | Place    | Note
-------+----------+-------------------------------------------
     0 | D:1      | 4thArraOfDagon the Mummy Hunter began the quest for the Orb.
     0 | D:1      | Reached XP level 1. HP: 16/16 MP: 1/1
   165 | D:2      | Found a shadowy altar of Dithmenos.
   198 | D:2      | Found a blossoming altar of Fedhas.
   205 | D:2      | Reached XP level 2. HP: 21/22 MP: 2/2
   287 | D:3      | Reached skill level 4 in Crossbows
   351 | D:3      | Reached XP level 3. HP: 16/27 MP: 3/3
   528 | D:4      | Reached XP level 4. HP: 19/33 MP: 4/4
   532 | D:4      | Reached skill level 5 in Crossbows
   551 | D:4      | Found a staircase to the Ecumenical Temple.
   590 | Temple   | Entered the Ecumenical Temple
   621 | Temple   | Became a worshipper of Warmaster Okawaru
   713 | D:4      | Reached XP level 5. HP: 37/38 MP: 5/5
   773 | D:4      | Found Dulala's Jewellery Emporium.
   773 | D:4      | Noticed an ogre
   989 | D:4      | Killed an ogre
   989 | D:4      | Reached skill level 6 in Crossbows
   993 | D:4      | Got a smoking leather armour
  1001 | D:4      | :(
  1057 | D:2      | Identified the +3 leather armour "Juetyrr" {rC+} (You found it on level 4 of the Dungeon)
  1063 | D:2      | Found a glowing golden altar of the Shining One.
  1502 | D:2      | Reached XP level 6. HP: 44/44 MP: 6/6
  1505 | D:2      | Found a shattered altar of Ashenzari.
  1719 | D:2      | Noticed a dagger
  1719 | D:2      | Found a hide-covered altar of Uskayaw.
  1720 | D:2      | Noticed a hand axe
  2320 | D:5      | Entered Level 5 of the Dungeon
  2331 | D:5      | Reached skill level 1 in Invocations
  2441 | D:5      | Reached * piety under Okawaru
  2450 | D:5      | Shot with an arrow by a centaur

Vault maps used:
D:1:      minmay_arrival_nine_rooms, kennysheep_pointless_box,
          minmay_box_of_dots
D:2:      dancing_weapons_uskayaw, evilmike_ruin_ashenzari,
          overflow_temple_1_default, old_standard_altar, first_bread,
          hangedman_decor_clover_reticule, tso_metal_star
D:4:      lemuel_crystal_altar, temple_pool_b, serial_shops, nicolae_shop_stone,
          minmay_splitting_lines
D:5:      enter_ossuary_1, nrook_mini_backslash, nemelex_spade_bored_becter
Temple:   corrupted_temple

Skill      XL: |  1  2  3  4  5  6 |
---------------+-------------------+-----
Crossbows      | 4 5 6 |  6.6
Invocations    | 1 |  1.6
Fighting       | |  2.0
Dodging        | |  1.5
Stealth        | |  0.7

Action                   |  1- 3 |  4- 6 || total
-------------------------+-------+-------++-------
Melee: Whip              |    88 |   140 ||   228
 Fire: Hand crossbow     |     4 |    40 ||    44
  Use: Scroll            |     2 |    12 ||    14
 Stab: Sleeping          |       |     2 ||     2
Armor: Leather armour    |    39 |    63 ||   102
Dodge: Dodged            |    54 |    85 ||   139
